 Dungeon Crawl Stone Soup version 0.29-a0-206-g4a66f2e2b5 (webtiles) character file.

Game seed: 3631319049126557933

115 esteth the Shooter (level 5, -3/30 HPs)
             Began as a Tengu Hunter on Feb 23, 2022.
             Killed from afar by Natasha (8 damage)
             ... with a magic dart
             ... on level 2 of the Dungeon.
             The game lasted 00:02:57 (1769 turns).

esteth the Shooter (Tengu Hunter)                   Turns: 1769, Time: 00:02:58

Health: -3/30      AC:  3    Str: 10 (12) XL:     5   Next: 0%
Magic:  6/6        EV: 14    Int: 11      God:
Gold:   96         SH:  0    Dex: 17      Spells: 4/4 levels left

rFire   . . .      SeeInvis .   a - +1 shortbow
rCold   . . .      Faith    .   (shield currently unavailable)
rNeg    . . .      Spirit   .   b - +0 leather armour
rPois   .          Reflect  .   (helmet restricted)
rElec   .          Harm     .   (no cloak)
rCorr   .          Rampage  .   (no gloves)
Will    .....                   (boots unavailable)
Stlth   ++........              o - amulet of magic regeneration
HPRegen 0.10/turn               Z - ring of wizardry
MPRegen 0.50/turn               (no ring)

@: flying quickly and evasively, quick
A: beak, talons 3, nimble flight
a: no special abilities


You were on level 2 of the Dungeon.
You visited 1 branch of the dungeon, and saw 3 of its levels.

You collected 96 gold pieces.


Innate Abilities, Weirdness & Mutations

You have a beak for a mouth.
You have claws for feet.
Your magical nature lets you fly swiftly and evasively.


   Skills:
 - Level 2.0 Fighting
 + Level 6.7 Bows
 - Level 2.1 Dodging
 - Level 1.0 Stealth


You had 4 spell levels left.
You didn't know any spells.
Your spell library contained the following spells:

 Spells                   Type           Power      Damage    Failure   Level
 Ensorcelled Hibernation  Hex/Ice        0%         N/A       28%         2
 Spider Form              Tmut/Pois      0%         N/A       47%         3
 Anguish                  Hex/Necr       0%         N/A       86%         4

Inventory:

Hand Weapons
 a - a +1 shortbow (weapon)
Missiles
 f - 50 stones
Armour
 b - a +0 leather armour (worn)
 g - a +0 ring mail
   (You found it on level 1 of the Dungeon)
 h - a +0 leather armour
   (You found it on level 1 of the Dungeon)
 j - a +0 scale mail
   (You took it off Terence on level 2 of the Dungeon)
 k - a +0 leather armour
   (You found it on level 1 of the Dungeon)
 n - a +0 leather armour
   (You found it on level 3 of the Dungeon)
 q - a +0 robe
   (You found it on level 2 of the Dungeon)
 s - a +0 leather armour
   (You found it on level 2 of the Dungeon)
Magical Staves
 t - a staff of air {!a}
   (You found it on level 2 of the Dungeon)
Jewellery
 o - an amulet of magic regeneration (around neck)
   (You found it on level 3 of the Dungeon)
 Z - a ring of wizardry (left hand)
   (You found it on level 3 of the Dungeon)
Scrolls
 d - a scroll of identify {@r1}
 e - a scroll of magic mapping {unknown}
 l - a scroll of teleportation {unknown}
 p - a scroll of noise {unknown}
Potions
 c - a potion of berserk rage {!q}
 i - a potion of ambrosia
 m - a potion of lignification {unknown}
 r - a potion of invisibility {unknown}

Dungeon Overview and Level Annotations

Branches:
Dungeon (3/15)

Altars:

Annotations:
D:2 Natasha

......)..........................
.......................####.#.#.#
#...###...##......##...# #.#.#.#
##..# #...#.......##...# #.#.#.#
#..# #...##.#.#.###...# ##.#.#.#
#..# #...##.#.#.# #...# #......#
#..# #........#.###...###.##.###
##..###.#........................
........#.##.#.#@###...###.######
...).............# #...# #.#.....
......)..........# #...###.#.....
#####.#...##.##..# #...#.........
#..........##.)###...###.#.....
#.#.#..h.............# #.#.....
#.#.#.#.#h.##..#.#.#.# #.#.....
#.#.#.#.#..##..#.#.#.# #.#.....
#.#.#.#.#..##....#.#.# #.#.....


You could see Natasha.


Message History

c - a potion of berserk rage You shoot an arrow.
The arrow closely misses Terence.
Terence hits you with a +1 morningstar of holy wrath! 😮 HP[-10]
You take 10 damage, and now have 16/26 hp.
MASSIVE DAMAGE!! (PAUSE) Really quaff
c - a potion of berserk rage {!q}?
Do you really want to go berserk while wielding your +1 shortbow?
Okay, then.
It was a potion of heal wounds.
You feel much better. Terence closely misses you. 😎 HP[+10]
Your hp is fully restored (26).
You shoot an arrow. The arrow barely misses Terence.
Terence closely misses you.
You shoot an arrow. The arrow hits Terence!
Terence barely misses you.
Terence asks, "Do you want it fast or slow?"
Terence hits you but does no damage.
You shoot an arrow.
The arrow hits Terence but does no damage.
Terence hits you with a +1 morningstar of holy wrath!
Ouch! That really hurt!
* * * LOW HITPOINT WARNING * * *
😨 HP[-15]
You take 15 damage, and now have 11/26 hp.
MASSIVE DAMAGE!! (PAUSE)
You feel better.
Terence hits you with a +1 morningstar of holy wrath!
* * * LOW HITPOINT WARNING * * *
😨 HP[-1]
You take 1 damage, and now have 10/26 hp.
You feel better. Terence misses you. 😮 HP[+9]
You regained 9 hp, and now have 19/26 hp.
You are too injured to fight recklessly!
You are too injured to fight recklessly!
Shoot: a) +1 shortbow
Press: ? - help, Q - select action, (/) - cycle Shift-Dir - straight line, f/p - Terence
Aim: Terence, wielding a +1 morningstar of holy wrath and wearing a +0 scale mail (heavily wounded, 69% to hit)
You shoot an arrow. The arrow hits Terence!
Terence barely misses you.
Shoot: a) +1 shortbow
Press: ? - help, Q - select action, (/) - cycle Shift-Dir - straight line, f/p - Terence
Aim: Terence, wielding a +1 morningstar of holy wrath and wearing a +0 scale mail (almost dead, 69% to hit)
You shoot an arrow.
The arrow hits Terence but does no damage.
Terence misses you.
Shoot: a) +1 shortbow
Press: ? - help, Q - select action, (/) - cycle Shift-Dir - straight line, f/p - Terence
Aim: Terence, wielding a +1 morningstar of holy wrath and wearing a +0 scale mail (almost dead, 69% to hit)
You shoot an arrow.
The arrow hits Terence but does no damage.
Terence hits you with a +1 morningstar of holy wrath!
* * * LOW HITPOINT WARNING * * *
😨 HP[-7]
You take 7 damage, and now have 12/26 hp.
MASSIVE DAMAGE!! (PAUSE) Shoot: a) +1 shortbow
Press: ? - help, Q - select action, (/) - cycle Shift-Dir - straight line, f/p - Terence
Aim: Terence, wielding a +1 morningstar of holy wrath and wearing a +0 scale mail (almost dead, 69% to hit)
You shoot an arrow. The arrow hits Terence.
Terence hits you with a +1 morningstar of holy wrath.
* * * LOW HITPOINT WARNING * * *
Terence hits you with a +1 morningstar of holy wrath.
* * * LOW HITPOINT WARNING * * *
😱 HP[-10]
You take 10 damage, and now have 2/26 hp.
MASSIVE DAMAGE!! (PAUSE) Shoot: a) +1 shortbow
Press: ? - help, Q - select action, (/) - cycle Shift-Dir - straight line, f/p - Terence
Aim: Terence, wielding a +1 morningstar of holy wrath and wearing a +0 scale mail (almost dead, 69% to hit)
You shoot an arrow.
The arrow hits Terence but does no damage.
Terence closely misses you.
Shoot: a) +1 shortbow
Press: ? - help, Q - select action, (/) - cycle Shift-Dir - straight line, f/p - Terence
Aim: Terence, wielding a +1 morningstar of holy wrath and wearing a +0 scale mail (almost dead, 69% to hit)
You shoot an arrow.
The arrow hits Terence but does no damage.
Terence closely misses you.
Shoot: a) +1 shortbow
Press: ? - help, Q - select action, (/) - cycle Shift-Dir - straight line, f/p - Terence
Aim: Terence, wielding a +1 morningstar of holy wrath and wearing a +0 scale mail (almost dead, 69% to hit)
You shoot an arrow. The arrow hits Terence.
You kill Terence!
You feel your dexterity returning.
You have reached level 5!
Your magical nature develops, letting you fly swiftly and evasively. 😱 HP[+1] MP[+1]
You now have 30 max hp (+4).
Your mp is fully restored (6).
j - a +0 scale mail You see here a +1 morningstar of holy wrath.
You start resting.
Natasha, Servant of Life and Death comes into view. 😱 HP[+2]
You regained 2 hp, and now have 5/30 hp.
Natasha hisses angrily.
Natasha casts a spell at you. The magic dart hits you!
You die...

Skill      XL: |  1  2  3 |
---------------+----------+-----
Bows           | 5 6 |  6.7
Fighting       | |  2.0
Dodging        | |  2.1
Stealth        | |  1.0

Action                   |  1- 3 |  4- 6 || total
-------------------------+-------+-------++-------
 Fire: Shortbow          |    87 |    64 ||   151
  Use: Potion            |       |     4 ||     4
       Scroll            |       |     2 ||     2
Armor: Leather armour    |     6 |     8 ||    14
Dodge: Dodged            |    28 |    21 ||    49

Levels and vault maps discovered:
D:1:      amcnicky_arrival_underground_garden, layout_basic,
          shapermc_ecumenical_altar_notcrosses
D:2:      layout_basic, uniq_natasha, uniq_terence
D:3:      layout_basic, corexii_corridor_pit

Notes
Turn   | Place    | Note
-------+----------+-------------------------------------------
     0 | D:1      | esteth the Tengu Hunter began the quest for the Orb.
     0 | D:1      | Reached XP level 1. HP: 12/12 MP: 2/2
     0 | D:1      | magus.rc [v1.11.3]
    26 | D:1      | Reached XP level 2. HP: 17/17 MP: 3/3
   135 | D:1      | Reached skill level 5 in Bows
   186 | D:1      | Found a faded altar of an unknown god.
   566 | D:1      | Reached XP level 3. HP: 21/21 MP: 4/4
  1054 | D:2      | Noticed Natasha
  1059 | D:2      | Killed Natasha
  1060 | D:2      | Reached skill level 6 in Bows
  1060 | D:2      | Reached XP level 4. HP: 23/26 MP: 5/5
  1135 | D:2      | You fall into a shaft and drop 1 floor!
  1572 | D:2      | You pick up a book of Dreams and begin reading...
  1572 | D:2      | You add the spells Ensorcelled Hibernation, Spider Form and
                  | Anguish to your library.
  1723 | D:2      | Noticed Terence
  1742 | D:2      | HP: 2/26 [Terence/+1 morningstar of holy wrath (6)]
  1745 | D:2      | Killed Terence
  1746 | D:2      | Gained mutation: Your magical nature lets you fly swiftly
                  | and evasively. [Tengu growth]
  1746 | D:2      | Reached XP level 5. HP: 3/30 MP: 6/6
  1765 | D:2      | Noticed Natasha
  1769 | D:2      | Killed from afar by Natasha

Vanquished Creatures
  Terence (D:2)
  Natasha (D:2)
  A howler monkey zombie (D:3)
  2 dart slugs (D:1)
  3 endoplasms
  2 giant cockroaches
  6 goblins
  7 hobgoblins
  4 quokkas
  2 ball pythons (D:1)
  4 bats
  6 frilled lizards
  4 kobolds
  7 rats
50 creatures vanquished.

Table legend:
 A = Non-vault XP
 B = Vault XP
 C = Vault XP percentage of total XP
 D = Non-vault monster count
 E = Vault monster count
 F = Vault count percentage of total count
                 A         B        C        D         E       F
            +---------+---------+-------+---------+---------+-------
      Total |      94 |      71 |  43.0 |      48 |       2 |   4.0
            +---------+---------+-------+---------+---------+-------
        D:1 |      46 |       0 |   0.0 |      27 |       0 |   0.0
        D:2 |      24 |      71 |  74.7 |      15 |       2 |  11.8
        D:3 |      24 |       0 |   0.0 |       6 |       0 |   0.0
            +---------+---------+-------+---------+---------+-------

Illustrated notes

Table legend:
 A = Kills in this place as a percentage of kills in entire the game.
 B = Kills by you in this place as a percentage of kills by you in the entire game.
 C = Kills by friends in this place as a percentage of kills by friends in the entire game.
 D = Other kills in this place as a percentage of other kills in the entire game.
 E = Experience gained in this place as a percentage of experience gained in the entire game.
 F = Experience gained in this place divided by the number of levels of this place that you have seen.
                   A       B       C       D       E      F
               +-------+-------+-------+-------+-------+----------------------
         Total | 100.0 | 100.0 |   N/A |   N/A | 100.0 |  55.0
       Dungeon | 100.0 | 100.0 |   N/A |   N/A | 100.0 |  55.0
               +-------+-------+-------+-------+-------+----------------------

Table legend: (Time is in decaauts)
 A = Elapsed time spent in this place.
 B = Non-inter-level travel time spent in this place.
 C = Inter-level travel time spent in this place.
 D = Time resting spent in this place.
 E = Time spent auto-exploring this place.
 F = Levels seen in this place.
 G = Mean time per level.
                   A        B        C        D        E       F      G
               +--------+--------+--------+--------+--------+-----+--------+
         Total |   1807 |   1724 |     83 |     18 |   1412 |   3 |  602.3 |
       Dungeon |   1807 |   1724 |     83 |     18 |   1412 |   3 |  602.3 |
               +--------+--------+--------+--------+--------+-----+--------+

Top non-repeatable levels by time:
     D:1: 1039 daAuts
     D:2: 607 daAuts
     D:3: 159 daAuts
